 Dungeon Crawl Stone Soup version 0.19-a0-488-gf8766cc (webtiles) character file.

58 Delvonshi the Chiller (level 4, -8/21 HPs)
             Began as a Vine Stalker Ice Elementalist on June 4, 2016.
             Mangled by a gnoll
             ... wielding a +0 spear
              (11 damage)
             ... on level 2 of the Dungeon.
             The game lasted 00:05:19 (1579 turns).

Delvonshi the Chiller (VSIE)                        Turns: 1579, Time: 00:05:20

Health: -8/21      AC:  2    Str: 11    XL:     4   Next: 2%
Magic:  0/9        EV: 12    Int: 16    God:
Gold:   95         SH:  0    Dex: 14    Spells: 1 memorised, 8 levels left

rFire  . . .     SeeInvis .     h - +2 dagger (vamp)
rCold  . . .     Gourm    .     a - +0 robe
rNeg   . . .     Faith    .     (no shield)
rPois  .         Spirit   +     (no helmet)
rElec  .         Dismiss  .     (no cloak)
rCorr  .         Reflect  .     (no gloves)
SustAt .         Harm     .     (no boots)
MR     .....                    (no amulet)
Stlth  ++........               (no ring)
                                (no ring)

@: not resistant to hostile enchantments, unstealthy
A: fangs 2, regeneration 1, magic shield, antimagic bite, no device heal 3, rot
immunity
a: no special abilities


You were on level 2 of the Dungeon.
You were not hungry.

You visited 1 branch of the dungeon, and saw 2 of its levels.

You collected 95 gold pieces.

Inventory:

Hand Weapons
 h - a +2 vampiric dagger (weapon)
Armour
 a - a +0 robe (worn)
Scrolls
 d - a scroll of blinking {unknown}
 i - 2 scrolls of magic mapping {unknown}
 j - a scroll of fear {unknown}
 l - 2 scrolls of remove curse {unknown}
Potions
 e - a potion of curing {unknown}
 g - a potion of cure mutation {unknown}
 k - a potion of heal wounds {unknown}
Books
 b - a book of Frost

   Spells                             Type                      Level
   a - Freeze                         Ice                          1
   b - Throw Frost                    Conjuration/Ice              2
   c - Ozocubu's Armour               Charms/Ice                   3
   d - Throw Icicle                   Conjuration/Ice              4
   e - Summon Ice Beast               Ice/Summoning                4
Comestibles
 c - 2 bread rations
 f - 8 fruits
 m - a chunk of flesh


   Skills:
 - Level 0.1 Fighting
 - Level 1.5 Dodging
 - Level 2.4 Stealth
 + Level 3.2 Spellcasting
   Level 1.0 Conjurations
 + Level 4.0 Ice Magic


You had 8 spell levels left.
You knew the following spells:

 Your Spells              Type           Power        Failure   Level  Hunger
a - Freeze                Ice            ###.         4%          1    None


Dungeon Overview and Level Annotations

Branches:
Dungeon (2/15)

Altars:
Ru

Annotations:
D:2 Sigmund


Innate Abilities, Weirdness & Mutations

You have extremely sharp teeth.
Your natural rate of healing is unusually fast.
When hurt, damage is shared between your health and your magic reserves.
Your bite disrupts and absorbs the magic of your enemies.
Potions and wands cannot restore your health.
You are immune to rotting.


Message History

Casting: Freeze
Confirm with . or Enter, or press ? or * to list all spells.
Aiming: Freeze
Press: ? - help, Shift-Dir - straight line, f/p - gnoll
Aim: a gnoll, wielding a spear (lightly wounded)
You freeze the gnoll.
The gnoll is moderately wounded.
The gnoll hits you with a spear!
Casting: Freeze
Confirm with . or Enter, or press ? or * to list all spells.
Aiming: Freeze
Press: ? - help, Shift-Dir - straight line, f/p - gnoll
Aim: a gnoll, wielding a spear (moderately wounded)
You freeze the gnoll.
The gnoll is severely wounded.
The gnoll hits you with a spear.
* * * LOW HITPOINT WARNING * * *
The gnoll hits you from afar with a spear!
Ouch! That really hurt!
You die...

........## #()†..#....#
#####.#..####(###.#..#..
#.##......##..##.### ..#
#.#####......###.# ..#
###.#####...#### #.# ..#
####...##...(..# #.# ..#
####..........##(.# #.# ..#
#....###.....####.## .#
..#######.######@## #..#####.##.
..##...........#.# ##..........
..##.####)####.#g# ###.......#
####.#...÷...#.#.#######.........
#.#.##.##.#.#.)...............
###.#.#...#.#.#.#######.........
#..[...._.......# #.........
##.#.#.#...#.#.#.# #.........
...#.#.##.##.#.#.# ##........


You could see a gnoll.

Vanquished Creatures
  A gnoll (D:2)
  A dart slug (D:2)
  2 giant geckos
  4 ball pythons (D:2)
  5 bats
  4 giant cockroaches
  6 goblins
  5 hobgoblins
  4 jackals (D:2)
  2 giant newts (D:2)
  2 kobolds
  5 rats
41 creatures vanquished.

Notes
Turn   | Place    | Note
--------------------------------------------------------------
     0 | D:1      | Delvonshi the Vine Stalker Ice Elementalist began the quest for the Orb.
     0 | D:1      | Reached XP level 1. HP: 9/9 MP: 4/4
   239 | D:1      | Reached XP level 2. HP: 13/13 MP: 1/6
   907 | D:2      | Noticed Sigmund
  1087 | D:2      | Reached XP level 3. HP: 16/16 MP: 8/8
  1103 | D:2      | Found a sacrificial altar of Ru.
  1539 | D:2      | Reached skill level 4 in Ice Magic
  1539 | D:2      | Reached XP level 4. HP: 17/21 MP: 2/9
  1579 | D:2      | Mangled by a gnoll

Vault maps used:
D:1:      lemuel_arrival_hallway, minmay_misc_feat_room
D:2:      nicolae_ru_sacrificial_ziggurat, lemuel_coloured_pillars_altar,
          uniq_sigmund

Skill      XL: |  1  2  3 |
---------------+----------+-----
Spellcasting   | 3 |  3.2
Ice Magic      | 4 |  4.0
Fighting       | |  0.1
Dodging        | |  1.5
Stealth        | |  2.4
Conjurations   | |  1.0

Action                   |  1- 3 |  4- 6 || total
-------------------------+-------+-------++-------
Melee: Unarmed           |    13 |       ||    13
       Bite              |    13 |       ||    13
       Dagger            |    56 |       ||    56
 Cast: Freeze            |    46 |     6 ||    52
 Stab: Sleeping          |     5 |       ||     5
  Eat: Meat ration       |     1 |       ||     1
       Chunk             |     2 |       ||     2
Armor: Robe              |    37 |       ||    37
Dodge: Dodged            |    86 |     5 ||    91
